 Dungeon Crawl Stone Soup version 0.21.1-1-g345015f (webtiles) character file.

59 sking99 the Chiller (level 4, -5/31 (33) HPs)
             Began as a Ghoul Ice Elementalist on June 29, 2018.
             Slain by a goblin (6 damage)
             ... led by Robin
             ... on level 2 of the Dungeon.
             The game lasted 00:05:19 (1328 turns).

sking99 the Chiller (Ghoul Ice Elementalist)        Turns: 1328, Time: 00:05:20

HP:   -5/31 (33)    AC:  7    Str: 11    XL:     4   Next: 3%
MP:   1/6           EV: 12    Int: 11    God:
Gold: 60            SH:  0    Dex:  9    Spells: 2/8 levels left

rFire    . . .     SeeInvis .     - Unarmed
rCold    + . .     Gourm    .   (no shield)
rNeg     + + +     Faith    .   a - +0 robe
rPois    ∞         Spirit   .   (no helmet)
rElec    .         Reflect  .   (no cloak)
rCorr    .         Harm     .   (no gloves)
MR       .....                  (no boots)
Stlth    ++........             (no amulet)
HPRegen  0.00/turn              (no ring)
MPRegen  0.10/turn              (no ring)

@: icy armour (expiring), very slightly contaminated, rotting, slow
A: rotting body, claws 1, carnivore, cold resistance 1, negative energy
resistance 3, inhibited regeneration, torment resistance, unbreathing
a: no special abilities


You were on level 2 of the Dungeon.
You were not hungry.

You visited 1 branch of the dungeon, and saw 2 of its levels.

You collected 60 gold pieces.

Inventory:

Armour
 a - a +0 robe (worn)
Scrolls
 g - 2 scrolls of identify {unknown}
 i - a scroll of immolation {unknown}
 j - a scroll of enchant weapon {unknown}
 k - a scroll of amnesia {unknown}
 l - a scroll of fear {unknown}
 m - a scroll of teleportation {unknown}
 p - a scroll of random uselessness {unknown}
Potions
 d - 3 potions of curing {unknown}
 e - a potion of heal wounds {unknown}
 f - a potion of invisibility {unknown}
 h - a potion of experience {unknown}
 n - a potion of degeneration {unknown}
 o - a potion of resistance {unknown}
Books
 b - a book of Frost

   Spells                             Type                      Level
   a - Freeze                         Ice                          1
   b - Throw Frost                    Conjuration/Ice              2
   c - Ozocubu's Armour               Charms/Ice                   3
   d - Throw Icicle                   Conjuration/Ice              4
   e - Summon Ice Beast               Ice/Summoning                4
Comestibles
 c - a ration


   Skills:
 - Level 1.7 Dodging
 - Level 2.1 Stealth
 - Level 1.2 Unarmed Combat
 * Level 2.6 Spellcasting
 + Level 1.0 Conjurations
 + Level 0.2 Charms
 * Level 4.1 Ice Magic


You had 2 spell levels left.
You knew the following spells:

 Your Spells              Type           Power        Failure   Level  Hunger
a - Freeze                Ice            ##..         4%          1    ##.....
b - Throw Frost           Conj/Ice       #.....       14%         2    ###....
c - Ozocubu's Armour      Chrm/Ice       #.......     32%         3    ####...


Dungeon Overview and Level Annotations

Branches:
Dungeon (2/15)

Altars:

Annotations:
D:2 Robin


Innate Abilities, Weirdness & Mutations

Your body is rotting away.
You thrive on raw meat.
You are immune to poison.
You have sharp fingernails.
You are carnivorous and can eat meat at any time.
Your flesh is cold resistant. (rC+)
You are immune to negative energy. (rN+++)
You do not regenerate when monsters are visible.
You are immune to unholy pain and torment.
You can survive without breathing.


Message History

You freeze the goblin.
The goblin is moderately wounded.
Robin hits you from afar with a trident.
* * * LOW HITPOINT WARNING * * *
The goblin closely misses you.
You barely miss the goblin.
The goblin is moderately wounded.
Your icy armour starts to melt.
Robin throws the goblin at you! The goblin barely misses you.
The goblin hits you but does no damage.
You closely miss the goblin.
Robin hits you from afar with a trident.
* * * LOW HITPOINT WARNING * * *
The goblin hits you but does no damage. x2
The goblin hits you with a dagger.
* * * LOW HITPOINT WARNING * * *
You completely miss the goblin. The goblin closely misses you.
The goblin hits you but does no damage.
You miss the goblin. The goblin hits you.
You die...

+.............##..#
#............##..#
#............###.#
#............# #.#
#............# #.##
#............# #.>#
#............# ##.#
#..........g.####.#
#.........gg.#@g..#
###########'##g####
#.##g# #g)(g#
######


You could see Robin and 3 goblins.

Vanquished Creatures
  An adder (D:2)
  An ooze (D:1)
  A dart slug (D:1)
  A leopard gecko (D:2)
  3 bats (D:1)
  3 giant cockroaches (D:1)
  10 goblins
  4 hobgoblins
  3 jackals (D:1)
  7 kobolds
  A ball python (D:1)
  3 rats
38 creatures vanquished.

Notes
Turn   | Place    | Note
-------+----------+-------------------------------------------
     0 | D:1      | sking99 the Ghoul Ice Elementalist began the quest for the Orb.
     0 | D:1      | Reached XP level 1. HP: 14/14 MP: 2/2
    89 | D:1      | Reached XP level 2. HP: 20/20 MP: 0/4
   317 | D:1      | Learned a level 2 spell: Throw Frost
   605 | D:1      | Reached skill level 1 in Unarmed Combat
   605 | D:1      | Reached XP level 3. HP: 16/26 MP: 0/5
  1145 | D:2      | Learned a level 3 spell: Ozocubu's Armour
  1169 | D:2      | Reached skill level 4 in Ice Magic
  1270 | D:2      | Noticed Robin
  1314 | D:2      | Reached XP level 4. HP: 22/31 MP: 1/6
  1320 | D:2      | Reached skill level 1 in Conjurations
  1326 | D:2      | HP: 1/31 [goblin/dagger[Robin] (1)]
  1328 | D:2      | Slain by a goblin

Skill      XL: |  1  2  3  4 |
---------------+-------------+-----
Spellcasting   | 2 |  2.6
Unarmed Combat | 1 |  1.2
Ice Magic      | 4 |  4.1
Conjurations   | 1 |  1.0
Dodging        | |  1.7
Stealth        | |  2.1
Charms         | |  0.2

Action                   |  1- 3 |  4- 6 || total
-------------------------+-------+-------++-------
Melee: Unarmed           |    55 |     9 ||    64
       Punch             |     1 |       ||     1
 Cast: Freeze            |    27 |     2 ||    29
       Throw Frost       |     9 |       ||     9
       Ozocubu's Armour  |     1 |       ||     1
  Eat: Chunk             |     3 |       ||     3
Armor: Robe              |    28 |    10 ||    38
Dodge: Dodged            |    74 |     8 ||    82
